 Dungeon Crawl Stone Soup version 0.31-a0-1176-gb7303255ee (webtiles) character file.

Game seed: 17073676833045996591

825 MacCMillion the Chopper (level 7, -5/57 HPs)
             Began as a Ghoul Fighter on Dec 11, 2023.
             Was a Follower of Makhleb.
             Slain by Duvessa
             ... wielding a +5 rapier of protection
              (7 damage)
             ... on level 5 of the Dungeon.
             The game lasted 00:10:29 (4804 turns).

MacCMillion the Chopper (Ghoul Fighter)             Turns: 4804, Time: 00:10:30

Health: -5/57      AC: 13    Str: 22    XL:     7   Next: 96%
Magic:  6/6        EV:  6    Int:  7    God:    Makhleb [*.....]
Gold:   227        SH:  9    Dex:  8    Spells: 6/6 levels left

rFire   . . .        a - +0 war axe
rCold   + . .        c - +0 buckler
rNeg    + + +        v - +0 plate armour
rPois   ∞            t - +1 hat
rElec   .            b - +0 cloak
rCorr   .            (no gloves)
SInv    .            (no boots)
Will    .....        q - amulet of reflection Stlth
                     (no ring)
HPRegen 0.00/turn    (no ring)
MPRegen 0.10/turn

%: reflection
@: inhibited regen
A: claws 1, cold resistance 1, negative energy resistance 3, inhibited
regeneration, torment resistance 2, devour on kill
a: Renounce Religion


You were on level 5 of the Dungeon.
You worshipped Makhleb.
Makhleb was aware of your devotion.
You visited 2 branches of the dungeon, and saw 6 of its levels.
You also visited: Ossuary.

You collected 227 gold pieces.

Inventory:

Hand Weapons
 a - a +0 war axe (weapon)
Armour
 b - a +0 cloak (worn)
 c - a +0 buckler (worn)
 t - a +1 hat (worn)
 v - a +0 plate armour (worn)
Jewellery
 q - an amulet of reflection (around neck)
 A - a ring of ice
Wands
 r - a wand of flame (26)
 s - a wand of paralysis (10)
Scrolls
 e - 3 scrolls of identify {unknown}
 f - a scroll of enchant armour {unknown}
 i - a scroll of immolation {unknown}
 k - 3 scrolls of fog {unknown}
 m - a scroll of revelation {unknown}
 o - a scroll of noise {unknown}
 p - 2 scrolls of vulnerability {unknown}
 u - 2 scrolls of fear {unknown}
 y - a scroll of teleportation {unknown}
Potions
 d - 3 potions of might
 g - a potion of lignification {unknown}
 h - 5 potions of attraction {unknown}
 j - 2 potions of haste {unknown}
 l - 3 potions of degeneration {unknown}
 n - 3 potions of curing {unknown}
 w - 2 potions of enlightenment {unknown}
 x - 2 potions of heal wounds {unknown}
 z - a potion of mutation {unknown}


   Skills:
 - Level 3.2 Fighting
 + Level 7.5 Axes
 - Level 2.6 Armour
 - Level 4.0 Shields


You had 6 spell levels left.
You didn't know any spells.
Your spell library contained the following spells:

 Spells                   Type           Power      Damage    Failure   Level
 Hailstorm                Conj/Ice       0%         3d5       100%        3
 Animate Armour           Summ/Erth      0%         N/A       100%        4
 Summon Ice Beast         Ice/Summ       0%         N/A       100%        4
 Summon Lightning Spire   Summ/Air       0%         N/A       100%        4
 Lee's Rapid Deconstruct  Erth           0%         3d4*      100%        5
 Simulacrum               Ice/Necr       0%         N/A       100%        6


Dungeon Overview and Level Annotations

Branches:
Dungeon (5/15)             Temple (1/1) D:5         Ossuary (visited)

Altars:
Ashenzari
Cheibriados
Dithmenos
Gozag
Kikubaaqudgha
Makhleb
Nemelex Xobeh
Okawaru
Ru
Sif Muna
Uskayaw
Vehumet
Wu Jian
Xom

Annotations:
D:3 1 runed translucent door, topfpfpflanze's ghost, amateur OpCj
D:4 exclusion: door
D:5 Dowan; Duvessa


Innate Abilities, Weirdness & Mutations

You are immune to poison.
You have sharp fingernails.
Your flesh is cold resistant. (rC+)
You are immune to negative energy. (rN+++)
You do not regenerate when monsters are visible.
You are immune to unholy pain and torment.
You thrive by killing the living.


Message History

You hit Duvessa but do no damage. You block Duvessa's attack.
You hit Duvessa but do no damage.
Duvessa hits you with a +5 rapier of protection.
You barely miss Duvessa.
Duvessa hits you with a +5 rapier of protection.
You block Duvessa's attack.
You barely miss Duvessa. Duvessa hits you but does no damage.
You hit Duvessa but do no damage.
Duvessa hits you with a +5 rapier of protection.
You hit Duvessa but do no damage.
Duvessa hits you with a +5 rapier of protection.
You barely miss Duvessa.
Duvessa hits you with a +5 rapier of protection!
You hit Duvessa but do no damage. Duvessa barely misses you.
You closely miss Duvessa.
Duvessa hits you with a +5 rapier of protection!
Duvessa hits you but does no damage.
You barely miss Duvessa.
Duvessa hits you with a +5 rapier of protection.
You hit Duvessa but do no damage.
Duvessa hits you with a +5 rapier of protection!
* * * LOW HITPOINT WARNING * * *
You hit Duvessa but do no damage. You block Duvessa's attack.
You closely miss Duvessa.
Duvessa hits you with a +5 rapier of protection.
* * * LOW HITPOINT WARNING * * *
You barely miss Duvessa. Duvessa hits you but does no damage. x2
You slash Duvessa!
Duvessa is heavily wounded.
Duvessa hits you but does no damage.
You hit Duvessa but do no damage.
Duvessa is heavily wounded.
You block Duvessa's attack.
You closely miss Duvessa.
Duvessa is heavily wounded.
Duvessa hits you but does no damage.
You closely miss Duvessa.
Duvessa is heavily wounded.
Duvessa hits you with a +5 rapier of protection!
You die...

#.####......%###.####.# #.#..#.#
....##........##.# .# #......#
#.# #...........# # #...##.# ..#
#|......<##.# #...##.# ..#
#........##.# #....... ..#
#.......###.# ####...###. ..##
#.......# #.# ##..........
#..###...e...###.#####...###.####
#.............##@##.......##.####
####.####.....##e#..####.........
..... #.....##.....# #..##.####
#....##.#.....#....### #.....#
+....# .##....#.##.## ##.####
#....##.............# #.#
...####..##.........# #.# ##.
##.......###..# #.#######
#.#>......>..# #........


You could see Duvessa.

Vanquished Creatures
  An ogre (D:5)
  3 elf zombies (Ossuary)
  A scorpion (D:5)
  A howler monkey (D:4)
  2 centaur zombies (Ossuary)
  A human zombie (Ossuary)
  2 hounds (D:4)
  An iguana (D:4)
  Terence (D:2)
  2 mummies (Ossuary)
  7 adders
  A worm (D:4)
  2 dart slugs
  5 orcs
  9 endoplasms
  6 giant cockroaches
  9 hobgoblins
  2 quokkas
  8 ball pythons
  12 bats
  4 frilled lizards
  16 goblins
  A goblin zombie (Ossuary)
  12 hobgoblin zombies (Ossuary)
  6 kobolds
  6 kobold zombies (Ossuary)
  10 orc zombies (Ossuary)
  7 rats
  2 rat zombies (Ossuary)
140 creatures vanquished.

Notes
Turn   | Place    | Note
-------+----------+-------------------------------------------
     0 | D:1      | MacCMillion the Ghoul Fighter began the quest for the Orb.
     0 | D:1      | Reached XP level 1. HP: 19/19 MP: 0/0
    94 | D:1      | Reached skill level 2 in Axes
   303 | D:1      | Reached XP level 2. HP: 26/26 MP: 1/1
   677 | D:1      | Reached XP level 3. HP: 31/31 MP: 2/2
  1003 | D:2      | Noticed Terence
  1011 | D:2      | Killed Terence
  1012 | D:2      | Reached skill level 3 in Axes
  1012 | D:2      | Reached XP level 4. HP: 32/38 MP: 3/3
  2042 | D:3      | Reached XP level 5. HP: 34/45 MP: 4/4
  2212 | D:3      | Found a runed translucent door.
  2213 | D:3      | Noticed topfpfpflanze's ghost (amateur OpCj)
  2769 | D:4      | Reached skill level 4 in Axes
  2818 | D:4      | Reached XP level 6. HP: 47/51 MP: 5/5
  2856 | D:4      | Reached skill level 5 in Axes
  2857 | D:4      | Noticed a two-headed ogre
  3213 | D:4      | Found an ancient bone altar of Kikubaaqudgha.
  3337 | D:5      | Entered Level 5 of the Dungeon
  3337 | D:5      | Noticed a two-headed ogre
  3367 | D:5      | Found a staircase to the Ecumenical Temple.
  3375 | Temple   | Entered the Ecumenical Temple
  3392 | Temple   | Became a worshipper of Makhleb the Destroyer
  3441 | D:5      | Found a radiant altar of Vehumet.
  3486 | D:5      | Found a sand-covered staircase.
  3492 | Ossuary  | Entered an ossuary
  3685 | Ossuary  | Reached * piety under Makhleb
  3898 | Ossuary  | Reached skill level 6 in Axes
  3898 | Ossuary  | Reached XP level 7. HP: 36/57 MP: 6/6
  4251 | D:5      | Reached skill level 7 in Axes
  4394 | D:5      | Noticed Duvessa
  4394 | D:5      | Noticed Dowan
  4799 | D:5      | HP: 2/57 [Duvessa/+5 rapier of protection (6)]
  4804 | D:5      | Slain by Duvessa

Illustrated notes

Levels and vault maps discovered:
D:1:      wheals_arrival_shading, layout_loops_cross, grunt_decor_resistance,
          minmay_heptomino_h4
D:2:      layout_loops_cross, kennysheep_generic_room_6, uniq_terence
D:3:      layout_loops_ring, lemuel_crystal_altar, gammafunk_ghost_grave,
          st_stairs_9, minivault_19, roderic_batcave
D:4:      minmay_chambers_of_fours, layout_basic,
          mainiacjoe_overflow_tiny_flanked, minmay_misc_feat_secret_circle
D:5:      layout_basic, mainiacjoe_overflow_concentric_impassable,
          nzn_hepliaklqana_mist_gate, temple_statues,
          nicolae_ossuary_entry_monument, uniq_duvessa
Temple:   eino_temple_water

Skill      XL: |  1  2  3  4  5  6  7 |
---------------+----------------------+-----
Axes           | 2 3 4 6 7 |  7.5
Shields        | 3 4 |  4.0
Fighting       | |  3.2
Armour         | |  2.6

Action                     |  1- 3 |  4- 6 |  7- 9 || total
---------------------------+-------+-------+-------++-------
  Melee: War axe           |    84 |   299 |    99 ||   482
 Armour: Scale mail        |    51 |   106 |       ||   157
         Chain mail        |       |    42 |       ||    42
         Plate armour      |       |    52 |    63 ||   115
  Dodge: Dodged            |    49 |   120 |     9 ||   178
  Block: Buckler           |    15 |   152 |    30 ||   197
         Reflection        |       |     5 |       ||     5

Table legend: (Time is in decaauts)
 A = Elapsed time spent in this place.
 B = Non-inter-level travel time spent in this place.
 C = Inter-level travel time spent in this place.
 D = Time resting spent in this place.
 E = Time spent auto-exploring this place.
 F = Levels seen in this place.
 G = Mean time per level.
                   A        B        C        D        E       F      G
               +--------+--------+--------+--------+--------+-----+--------+
         Total |   4955 |   4693 |    262 |    762 |   2451 |   7 |  707.9 |
       Dungeon |   4133 |   3903 |    230 |    434 |   2337 |   5 |  826.6 |
        Temple |     34 |      2 |     32 |      0 |      0 |   1 |   34.0 |
       Ossuary |    786 |    786 |      0 |    328 |    114 |   1 |  786.0 |
               +--------+--------+--------+--------+--------+-----+--------+

Top non-repeatable levels by time:
     D:1: 1010 daAuts
     D:2: 931 daAuts
     D:3: 846 daAuts
     D:4: 813 daAuts
 Ossuary: 786 daAuts
     D:5: 531 daAuts
  Temple: 34 daAuts
